[Event "ICCopen2017"]
[Site "Internet Chess Club"]
[Date "2017.03.26"]
[Round "3"]
[White "Sophiste"]
[Black "unkavalo"]
[Result "1-0"]
[ICCResult "Black forfeits on time"]
[WhiteElo "3174"]
[BlackElo "2448"]
[Opening "Réti opening"]
[ECO "A05"]
[NIC "QP.11"]
[Time "19:30:51"]
[TimeControl "180+0"]

1. Nf3 Nf6 2. b3 e6 3. Bb2 b6 4. g3 Bb7 5. Bg2 Be7 6. O-O O-O 7. c4 c5 8. d4
cxd4 9. Qxd4 Nc6 10. Qf4 d5 11. Rd1 Qb8 12. Qxb8 Raxb8 13. Ne5 Nxe5 14. Bxe5
Rbc8 15. Nc3 Rfd8 16. h3 Nd7 17. Bd4 Bf6 18. Nb5 Bxd4 19. Rxd4 Ba6 20. Nxa7
Rc7 21. Nb5 Bxb5 22. cxb5 Rc2 23. e4 Ra8 24. exd5 e5 25. Ra4 Rxa4 26. bxa4
Kf8 27. d6 f5 28. Bc6 Nc5 29. Rd1 Ne6 30. Rd5 Rc5 31. Rxc5 Nxc5 32. a5 bxa5
33. b6 Kf7 34. b7 Na6 35. Bd5+ Ke8 36. Be6 f4 37. Bc4 Nb8 38. Bb5+ Kd8 39.
a4 g5 40. g4 e4 41. Kf1 h6 42. Ke2 {Black forfeits on time} 1-0

[Event "ICCopen2017"]
[Site "Internet Chess Club"]
[Date "2017.03.26"]
[Round "3"]
[White "arshavin2015"]
[Black "soyleyenda"]
[Result "1-0"]
[ICCResult "Black forfeits on time"]
[WhiteElo "1967"]
[BlackElo "1643"]
[Opening "Sicilian: Nimzovich-Rossolimo attack (with ...g6, without ...d6)"]
[ECO "B31"]
[NIC "SI.31"]
[Time "19:29:54"]
[TimeControl "180+0"]

1. e4 c5 2. Nf3 Nc6 3. Bb5 g6 4. c3 Bg7 5. O-O Nf6 6. Re1 O-O 7. h3 d5 8. e5
Nd7 9. d4 e6 10. a3 Qa5 11. Bf1 f6 12. exf6 Nxf6 13. dxc5 Qxc5 14. Be3 Qd6
15. Nbd2 e5 16. Nb3 b6 17. Bg5 Be6 18. Nbd2 h6 19. Bh4 Nh5 20. Nc4 Qc7 21.
Ne3 e4 22. Nxd5 Qd7 23. Bc4 Kh7 24. Nh2 Bxh3 25. Rxe4 Bf5 26. Re2 Na5 27.
Ba2 Be6 28. Rd2 Qb5 29. b4 Nc4 30. Bxc4 Qxc4 31. Nf3 Bxd5 32. Rxd5 Rxf3 33.
Qxf3 Qxh4 34. Rd7 Rg8 35. Re1 Qg5 36. Ree7 Qc1+ 37. Kh2 Qxa3 38. Qb7 Qxc3
39. g4 Qc2 40. Qf3 Nf6 41. Qxf6 {Black forfeits on time} 1-0

[Event "ICCopen2017"]
[Site "Internet Chess Club"]
[Date "2017.03.26"]
[Round "3"]
[White "Kiketf"]
[Black "Dictator"]
[Result "0-1"]
[ICCResult "White forfeits on time"]
[WhiteElo "1966"]
[BlackElo "2601"]
[Opening "Sicilian defense"]
[ECO "B32"]
[NIC "SI.32"]
[Time "19:29:38"]
[TimeControl "180+0"]

1. e4 c5 2. Nf3 Nc6 3. d4 cxd4 4. Nxd4 Qb6 5. Nb3 Nf6 6. Be3 Qc7 7. Nc3 e6
8. Bd3 a6 9. O-O Be7 10. Kh1 O-O 11. f4 d6 12. Qf3 b5 13. Rad1 Bb7 14. g4
Nd7 15. g5 Rfe8 16. a3 Bf8 17. Rd2 b4 18. axb4 Nxb4 19. Ra1 g6 20. Na5 Bg7
21. Nxb7 Qxb7 22. Na4 Nxd3 23. Rxd3 Nc5 24. Bxc5 dxc5 25. e5 Qc7 26. Rad1 c4
27. Rd7 Qa5 28. b3 cxb3 29. cxb3 Rab8 30. R1d3 Qb4 31. R7d4 Qa3 32. Kg2 Rec8
33. Kg3 Qc1 34. Rd1 Qc2 35. R4d3 Bf8 36. R1d2 Qb1 37. Rd1 Qc2 38. R1d2 Qc1
39. Rd1 Qa3 40. h4 h5 41. gxh6 Bxh6 42. h5 g5 43. fxg5 Bxg5 44. Kh3 Qe7 45.
Rg1 Kh8 46. Qg4 Rg8 47. Rdg3 Rb4 48. Qf3 Rh4+ 49. Kg2 Rf4 50. Qc6 Qb4 51.
Qc3 Qb7+ 52. Rf3 Rc8 53. Qxc8+ Qxc8 54. Rxf4 Bxf4 55. Kf3 Bxe5 56. Re1 Qb7+
57. Kf2 Bf6 58. Nc5 Qa7 59. b4 Qb6 60. Re4 Qb5 61. Kf3 Qc6 62. Nd3 Qd5 63.
Nf4 Qf5 64. Re3 Qh7 65. Re4 Bg5 66. Ng6+ fxg6 67. h6 Qxh6 68. Rc4 Qh5+ 69.
Ke4 Qh3 70. Rc8+ Kh7 71. Rc7+ Kh6 72. Ke5 Kh5 73. Kd6 Kg4 74. Kd7 Qf3 75.
Ke8 Qf5 76. Rc4+ Kh5 77. Rc3 Qf7+ 78. Kxf7 Bh6 79. Kxe6 Kg5 80. Rd3 Kf4 81.
Rd4+ Kg3 82. Kf6 Kf2 83. Kxg6 Ke3 84. Rd6 Ke2 {White forfeits on time} 0-1

[Event "ICCopen2017"]
[Site "Internet Chess Club"]
[Date "2017.03.26"]
[Round "3"]
[White "PITCHUS"]
[Black "TZ700A"]
[Result "0-1"]
[ICCResult "White forfeits on time"]
[WhiteElo "1752"]
[BlackElo "1380"]
[Opening "Réti opening"]
[ECO "A04"]
[NIC "QP.11"]
[Time "19:29:54"]
[TimeControl "180+0"]

1. Nf3 Nc6 2. g3 e5 3. d3 d5 4. Bg2 Nf6 5. O-O Bc5 6. c4 O-O 7. Bg5 h6 8.
Bxf6 Qxf6 9. cxd5 Ne7 10. Nc3 Bg4 11. Ne4 Qb6 12. Nxe5 Bf5 13. g4 Bxe4 14.
dxe4 Qxb2 15. Nd7 Bxf2+ 16. Rxf2 Rfd8 17. Rb1 Qxa2 18. Ne5 Rf8 19. Rxb7 Rac8
20. e3 Qa6 21. Rb3 f6 22. Nd7 Rfe8 23. Nc5 Qa5 24. Ne6 Ng6 25. Rd3 Ne5 26.
Rd4 c5 27. Rdd2 c4 28. Rc2 c3 29. Nf4 Rb8 30. d6 Red8 31. d7 Nc4 32. Qd3 Nd2
33. Ne6 Qa1+ 34. Bf1 Qxf1+ 35. Rxf1 Nxf1 36. Kxf1 Rxd7 37. Qxd7 Kh7
{White forfeits on time}
0-1

[Event "ICCopen2017"]
[Site "Internet Chess Club"]
[Date "2017.03.26"]
[Round "3"]
[White "aravind6904"]
[Black "institutano"]
[Result "1-0"]
[ICCResult "Black forfeits on time"]
[WhiteElo "1583"]
[BlackElo "1778"]
[Opening "Sicilian: Najdorf, Byrne (English) attack"]
[ECO "B90"]
[NIC "SI.14"]
[Time "19:30:49"]
[TimeControl "180+0"]

1. e4 c5 2. Nf3 d6 3. d4 cxd4 4. Nxd4 Nf6 5. Nc3 a6 6. Be3 e5 7. Nf3 Qc7 8.
Bd3 h6 9. O-O Be6 10. Re1 Nbd7 11. Nd2 Be7 12. Nb3 O-O 13. Kh1 Rfe8 14. f3
b5 15. a3 Bc4 16. Bxc4 Qxc4 17. Qd3 Rec8 18. Rad1 Bf8 19. Bf2 Rab8 20. Be3
{Black forfeits on time}
1-0

[Event "ICCopen2017"]
[Site "Internet Chess Club"]
[Date "2017.03.26"]
[Round "3"]
[White "Bojack"]
[Black "marwan100"]
[Result "1-0"]
[ICCResult "Black checkmated"]
[WhiteElo "2071"]
[BlackElo "1675"]
[Opening "French: Winawer (Nimzovich) variation"]
[ECO "C15"]
[NIC "FR.08"]
[Time "19:30:28"]
[TimeControl "180+0"]

1. e4 e6 2. d4 d5 3. Nc3 Bb4 4. Bd3 c5 5. Nf3 Bxc3+ 6. bxc3 Nf6 7. e5 Nfd7
8. O-O Nc6 9. Ba3 h6 10. Rb1 O-O 11. Re1 f6 12. Bb5 a6 13. Bxc6 bxc6 14. Qd3
fxe5 15. Nxe5 Nxe5 16. Rxe5 Qf6 17. Qg3 Bd7 18. Bxc5 Rf7 19. Re2 Be8 20. Bd6
Bd7 21. Be5 Qd8 22. Rb7 Qa5 23. h4 Qxa2 24. Re3 Qxc2 25. Rf3 Raf8 26. Rf4
Qd1+ 27. Kh2 Qh5 28. Rg4 g5 29. Qh3 Rxf2 30. hxg5 Qxh3+ 31. Kxh3 h5 32. Rh4
Be8 33. Rg7+ Kh8 34. Rf7+ Kg8 35. Rg7+ Kh8 36. Rg6+ Kh7 37. Rh6+ Kg8 38.
Rh8+ Kf7 39. Rh7+ Kg6 40. Rg7+ Kf5 41. Kg3 Rd2 42. Rf4# {Black checkmated}
1-0

[Event "ICCopen2017"]
[Site "Internet Chess Club"]
[Date "2017.03.26"]
[Round "3"]
[White "manneredmonkey"]
[Black "Aladdin"]
[Result "1-0"]
[ICCResult "Black checkmated"]
[WhiteElo "1824"]
[BlackElo "2265"]
[Opening "English: Neo-Catalan accepted"]
[ECO "A13"]
[NIC "RE.10"]
[Time "19:30:22"]
[TimeControl "180+0"]

1. c4 Nf6 2. g3 e6 3. Bg2 d5 4. Nf3 dxc4 5. Na3 Bxa3 6. bxa3 b5 7. O-O Bb7
8. Rb1 a6 9. a4 Be4 10. Ra1 O-O 11. Bb2 Nbd7 12. axb5 axb5 13. a4 c6 14.
axb5 cxb5 15. Qc1 Rxa1 16. Qxa1 Qa8 17. Qc1 Rc8 18. Bc3 Qa4 19. Qb2 Rb8 20.
Ra1 Qc2 21. Qxc2 Bxc2 22. Nd4 Be4 23. f3 Bg6 24. Nc6 Re8 25. Bb4 Nd5 26. Bd6
h5 27. e4 N5b6 28. Rb1 Ra8 29. Rxb5 Ra2 30. Bf4 Na4 31. Ne7+ Kh7 32. Nxg6
Kxg6 33. Rg5+ Kf6 34. Rxh5 Nb2 35. Be3 Nd3 36. Bd4+ e5 37. Bc3 Rc2 38. h4 g6
39. Rh8 Rc1+ 40. Kh2 Ne1 41. Rd8 Ke7 42. Rc8 Nxg2 43. Kxg2 Nb6 44. Rc6 Nd7
45. Rxc4 Rd1 46. Bb4+ Ke8 47. Rc8# {Black checkmated} 1-0

[Event "ICCopen2017"]
[Site "Internet Chess Club"]
[Date "2017.03.26"]
[Round "3"]
[White "rotyi59"]
[Black "Eigeneier"]
[Result "0-1"]
[ICCResult "White resigns"]
[WhiteElo "1542"]
[BlackElo "1919"]
[Opening "Sicilian defense"]
[ECO "B40"]
[NIC "SI.43"]
[Time "19:30:16"]
[TimeControl "180+0"]

1. e4 c5 2. Nf3 e6 3. Nc3 d5 4. exd5 exd5 5. Bb5+ Bd7 6. Bxd7+ Qxd7 7. d4
Nf6 8. Bg5 Ne4 9. Be3 Nxc3 10. bxc3 c4 11. O-O Be7 12. Ne5 Qf5 13. Qf3 Qxf3
14. gxf3 O-O 15. Rab1 b6 16. Rb5 Rd8 17. Bf4 f6 18. Ng4 Nc6 19. Ne3 g5 20.
Bg3 h5 21. h4 Kf7 22. Rxd5 Rxd5 23. Nxd5 Rd8 24. Nxe7 Kxe7 25. Re1+ Kf7 26.
f4 g4 27. f5 Ne7 28. Bc7 Rd7 29. Bb8 Nxf5 30. Rb1 Nxh4 31. Rb4 Nf3+ 32. Kf1
h4 33. Rxc4 Nd2+ 34. Ke2 Nxc4 35. Kd3 Nd6 36. c4 h3 37. c5 bxc5 38. dxc5 h2
39. cxd6 h1=Q 40. Ke3 Qe1+ 41. Kf4 Qxf2+ 42. Kxg4 Qxc2 43. Bc7 Qxa2 44. Kf3
Qe6 45. Kf2 Rxd6 46. Bxd6 Qxd6 47. Kf3 Qe5 48. Kf2 a5 49. Kf3 a4 50. Kf2 a3
51. Kf3 a2 52. Kf2 a1=Q 53. Kf3 Qad4 {White resigns} 0-1

[Event "ICCopen2017"]
[Site "Internet Chess Club"]
[Date "2017.03.26"]
[Round "3"]
[White "KH"]
[Black "Clownfish"]
[Result "0-1"]
[ICCResult "White checkmated"]
[WhiteElo "2085"]
[BlackElo "2633"]
[Opening "Bird's opening"]
[ECO "A02"]
[NIC "VO.07"]
[Time "19:30:14"]
[TimeControl "180+0"]

1. f4 b6 2. Nf3 Bb7 3. e3 Nf6 4. b3 g6 5. Bb2 Bg7 6. Be2 O-O 7. O-O d5 8. d3
Nbd7 9. Ne5 e6 10. Nd2 Re8 11. Ndf3 c5 12. Qe1 Rc8 13. Rd1 Nxe5 14. Nxe5 Nd7
15. Qg3 d4 16. Nxd7 Qxd7 17. e4 f5 18. e5 Bd5 19. a4 a6 20. Ra1 Ra8 21. Bf3
b5 22. axb5 axb5 23. Qf2 Qb7 24. b4 Bxf3 25. Qxf3 Qxf3 26. Rxf3 Rxa1+ 27.
Bxa1 Ra8 28. Rf1 cxb4 29. Bxd4 Ra2 30. Rc1 Bf8 31. Kf1 Kf7 32. Ke1 Ke8 33.
Kd1 Kd7 34. Rb1 Ra4 35. Ra1 Kc6 36. Kd2 Kd5 37. Bb2 Be7 38. g3 g5 39. Ke3
gxf4+ 40. gxf4 Bc5+ 41. d4 Be7 42. Kd3 Bd8 43. c3 bxc3 44. Bxc3 Rxa1 45.
Bxa1 Ba5 46. Bb2 b4 47. Bc1 b3 48. Bb2 Bb4 49. h3 h5 50. Bc1 Ba5 51. Bb2 Bb6
52. Bc3 Bd8 53. Bd2 Bh4 54. Be3 b2 55. Kc2 Ke4 56. Bd2 Kxd4 57. Kxb2 Ke4 58.
Kc2 Bg3 59. Kd1 Bxf4 60. Be1 Bxe5 61. Ke2 Bf4 62. Bf2 e5 63. Bb6 Bg3 64. Kf1
f4 65. Kg2 Kf5 66. Bc7 e4 67. Bd6 h4 68. Be7 f3+ 69. Kf1 Kf4 70. Bd6+ Ke3
71. Bc5+ Kd3 72. Bf2 Bxf2 73. Kxf2 Kd2 74. Kf1 e3 75. Kg1 e2 76. Kf2 e1=Q+
77. Kxf3 Qg3+ 78. Ke4 Qxh3 79. Kf4 Qg3+ 80. Ke4 h3 81. Kf5 h2 82. Ke6 h1=Q
83. Kd7 Qg6 84. Ke7 Qhh7+ 85. Kf8 Qgg8# {White checkmated} 0-1

[Event "ICCopen2017"]
[Site "Internet Chess Club"]
[Date "2017.03.26"]
[Round "3"]
[White "tigerr"]
[Black "chabotheking"]
[Result "0-1"]
[ICCResult "White resigns"]
[WhiteElo "2007"]
[BlackElo "2482"]
[Opening "French: Tarrasch, open variation"]
[ECO "C07"]
[NIC "FR.19"]
[Time "19:30:26"]
[TimeControl "180+0"]

1. e4 e6 2. d4 d5 3. Nd2 c5 4. exd5 Qxd5 5. Ngf3 cxd4 6. Bc4 Qd7 7. O-O Nc6
8. Nb3 Nf6 9. Nfxd4 Nxd4 10. Nxd4 a6 11. Re1 Bc5 12. Be3 O-O 13. c3 b5 14.
Bb3 Qc7 15. a4 Rb8 16. axb5 axb5 17. Bg5 e5 18. Bxf6 gxf6 19. Nf3 Kh8 20.
Qd3 Rg8 21. Bc2 Rg7 22. Nh4 Qb6 23. Rf1 Bb7 24. Rae1 Rbg8 25. g3 Qc6 26. Qe4
Qc8 27. Qf5 Qc6 28. Be4 Qb6 29. Bxb7 Qxb7 30. Qxf6 Be7 31. Qh6 Bg5 32. Qh5
f6 33. Nf5 Rg6 34. h4 Bf4 35. Kh2 Bd2 36. Re2 Bf4 37. f3 Rxg3 38. Nxg3 Rxg3
39. Kh1 Qd7 40. Rh2 Rh3 41. Qe8+ Qxe8 42. Rxh3 b4 43. cxb4 Qb5 44. Kg2 Qxb4
45. Rf2 Qe1 46. Rh1 Qb4 47. Rd1 Qf8 48. Rd7 Qe8 49. Rc7 Qg6+ 50. Kf1 Qb1+
51. Kg2 Qg6+ 52. Kf1 e4 53. Rfc2 Bxc7 54. Rxc7 exf3 55. Rc8+ Kg7 56. Rc7+
Kh6 57. Rc2 Qxc2 58. h5 Qe2+ {White resigns} 0-1

[Event "ICCopen2017"]
[Site "Internet Chess Club"]
[Date "2017.03.26"]
[Round "3"]
[White "SeventhWill"]
[Black "Revolutions"]
[Result "1-0"]
[ICCResult "Black checkmated"]
[WhiteElo "2563"]
[BlackElo "1806"]
[Opening "Sicilian defense"]
[ECO "B40"]
[NIC "SI.43"]
[Time "19:30:26"]
[TimeControl "180+0"]

1. e4 c5 2. Nf3 e6 3. g3 Nc6 4. Bg2 a6 5. O-O d6 6. c3 Nf6 7. Re1 Be7 8. d4
cxd4 9. cxd4 O-O 10. Nc3 b5 11. d5 Ne5 12. dxe6 Bxe6 13. Nd4 Rc8 14. Nxe6
fxe6 15. Qb3 Nc4 16. Bh3 e5 17. Bxc8 Qxc8 18. Bg5 Kh8 19. Rad1 Qc5 20. Bxf6
Rxf6 21. Re2 Rf3 22. Rd5 Qb6 23. Qd1 h6 24. Kg2 Rf6 25. Qd3 Na5 26. Qe3 Qb7
27. Rd1 Nc4 28. Qd3 Nb6 29. Nd5 Nxd5 30. exd5 Qb6 31. Rc1 Rf8 32. b4 Bg5 33.
Rc6 Qb8 34. h4 Be7 35. Rxa6 Qe8 36. Rc6 Qh5 37. Qe4 Qf7 38. Rec2 Qh5 39. Rc8
Qf7 40. Rxf8+ Bxf8 41. Qf3 Qxf3+ 42. Kxf3 Be7 43. Rc8+ Kh7 44. h5 g6 45.
hxg6+ Kxg6 46. Ke4 Kf6 47. Rb8 h5 48. Rxb5 h4 49. gxh4 Kf7 50. h5 Bh4 51. f3
Bg5 52. a4 Bh6 53. a5 Bf4 54. a6 Kf6 55. Rb7 Kg5 56. a7 Kh4 57. a8=Q Kg3 58.
Qg8+ Kf2 59. Qg4 Ke2 60. Rc7 Ke1 61. Qh3 Bd2 62. Qg2 Kd1 63. Qf1+ Be1 64.
Qd3+ Bd2 65. Rc2 Ke1 66. Qxd2+ Kf1 67. Qc1# {Black checkmated} 1-0

[Event "ICCopen2017"]
[Site "Internet Chess Club"]
[Date "2017.03.26"]
[Round "3"]
[White "larso"]
[Black "DementedMonkey"]
[Result "1-0"]
[ICCResult "Black checkmated"]
[WhiteElo "2633"]
[BlackElo "2196"]
[Opening "French: Tarrasch"]
[ECO "C03"]
[NIC "FR.07"]
[Time "19:31:02"]
[TimeControl "180+0"]

1. e4 e6 2. d4 d5 3. Nd2 dxe4 4. Nxe4 Be7 5. Nf3 Nf6 6. Ng3 O-O 7. Bd3 b6 8.
O-O Bb7 9. c3 Nbd7 10. Re1 c5 11. Bc2 cxd4 12. Nxd4 Nc5 13. b4 Na6 14. a3
Qd5 15. f3 Rac8 16. Bb2 Nc7 17. Qe2 Ba6 18. Qf2 Nb5 19. Nxb5 Bxb5 20. Rad1
Qa2 21. Bb1 Qc4 22. Rd4 Qc7 23. Rh4 Rfd8 24. Nh5 Bd3 25. c4 Bxb1 26. Nxf6+
Bxf6 27. Bxf6 gxf6 28. Rxb1 Qe5 29. Re4 Qc3 30. Qh4 Kf8 31. h3 Ke7 32. Rbe1
Rh8 33. Qg3 h5 34. Qg7 e5 35. Rxe5+ fxe5 36. Rxe5+ Kd6 37. Qf6+ Kc7 38. Re7+
Kd8 39. Qd6# {Black checkmated} 1-0

[Event "ICCopen2017"]
[Site "Internet Chess Club"]
[Date "2017.03.26"]
[Round "3"]
[White "HighGround"]
[Black "MAU"]
[Result "0-1"]
[ICCResult "White forfeits on time"]
[WhiteElo "1386"]
[BlackElo "1708"]
[Opening "French: advance variation"]
[ECO "C02"]
[NIC "FR.03"]
[Time "19:30:49"]
[TimeControl "180+0"]

1. e4 e6 2. d4 d5 3. e5 c5 4. f4 Nc6 5. Nf3 g6 6. a3 a6 7. Bd3 b5 8. O-O c4
9. Be2 Nge7 10. c3 h5 11. Ng5 Nf5 12. Qe1 a5 13. Qf2 a4 14. Nd2 Na5 15. Rb1
Ba6 16. Ndf3 Nb3 17. Be3 Bh6 18. Rfe1 Qe7 19. h4 Kd7 20. Nd2 Kc7 21. Nxb3
cxb3 22. Bd2 Bxg5 23. fxg5 Rhc8 24. Rbc1 Kb7 25. Bd3 Rh8 26. g3 Qc7 27. Kg2
Qc6 28. Qe2 Rac8 29. Be3 Rhd8 30. Rf1 Rf8 31. Qd2 Ka8 32. Rf2 Ne7 33. Rf6
Nf5 34. Rxf5 gxf5 35. Qe2 Rh8 36. Qf3 Bb7 37. Qe2 Ba6 38. Qd2 Kb7 39. Qe2
Rcg8 40. Qd2 Rg7 41. Bf4 Rc8 42. Qe3 Qb6 43. Qf3 Qc6 44. Qxh5 Rcg8 45. Qh6
Rg6 46. Qh7 R6g7 47. Qh6 Rg6 48. Qh7 Qe8 49. Qh5 Rxg5 {White forfeits on
time} 0-1

[Event "ICCopen2017"]
[Site "Internet Chess Club"]
[Date "2017.03.26"]
[Round "3"]
[White "Kjaan1974"]
[Black "mrneale"]
[Result "1-0"]
[ICCResult "Black forfeits on time"]
[WhiteElo "1463"]
[BlackElo "1105"]
[Opening "KP: Indian opening"]
[ECO "C20"]
[NIC "KP.10"]
[Time "19:30:43"]
[TimeControl "180+0"]

1. e4 e5 2. d3 Nc6 3. h3 d6 4. Nf3 Nf6 5. a3 Be7 6. Nc3 O-O 7. Be3 h6 8. Qd2
Nh7 9. O-O-O Ng5 10. Nxg5 Bxg5 11. f4 Bh4 12. f5 Bg5 13. g4 Bxe3 14. Qxe3
Qg5 15. Qxg5 hxg5 16. h4 gxh4 17. Rxh4 f6 18. Bg2 Kf7 19. Rdh1 Bd7 20. b4
Ne7 21. Kd2 c6 22. Ne2 Ng8 23. c4 a5 24. Ke3 axb4 25. axb4 Ra2 26. Bf3 Nh6
27. Nc3 Ra3 28. Kd2 b5 29. c5 dxc5 30. bxc5 b4 31. Nb1 Ra2+ 32. Kc1 b3 33.
Nc3 Ra1+ 34. Kb2 Rxh1 35. Rxh1 Rh8 36. Ka3 Kg8 37. Kxb3 Nf7 38. Rxh8+ Kxh8
39. Na4 Ng5 40. Bd1 Nh3 41. Be2 Nf2 42. Nb6 Be8 43. Kc3 Kh7 44. Kd2 Kh6 45.
Nc8 Nh3 46. Nd6 Bd7 47. Ke3 Nf4 48. Bf3 Kg5 49. Nf7+ Kh4 50. Nd6 Kg3 51. Nc4
Ng2+ 52. Bxg2 Kxg2 53. Nd2 {Black forfeits on time} 1-0

[Event "ICCopen2017"]
[Site "Internet Chess Club"]
[Date "2017.03.26"]
[Round "3"]
[White "Brothersinarms"]
[Black "Peaceful-Death"]
[Result "0-1"]
[ICCResult "White checkmated"]
[WhiteElo "1846"]
[BlackElo "2021"]
[Opening "French: Tarrasch, open variation"]
[ECO "C07"]
[NIC "FR.18"]
[Time "19:30:26"]
[TimeControl "180+0"]

1. e4 e6 2. d4 d5 3. Nd2 c5 4. c3 cxd4 5. cxd4 dxe4 6. Nxe4 Nf6 7. Ng5 Bb4+
8. Bd2 Bxd2+ 9. Qxd2 h6 10. Nxf7 Kxf7 11. Nf3 Re8 12. O-O-O b6 13. g4 Nxg4
14. Rg1 Nf6 15. Bd3 Nc6 16. Ne5+ Nxe5 17. dxe5 Nd5 18. Bg6+ Kf8 19. Bxe8
Qxe8 20. Kb1 Bb7 21. Qc2 Rc8 22. Qh7 Qf7 23. Rg3 Qf5+ 24. Qxf5+ exf5 25.
Rgd3 Rd8 26. Ka1 Ke7 27. f4 Ke6 28. Rd4 g5 29. fxg5 hxg5 30. h4 gxh4 31.
Rxh4 Kxe5 32. Re1+ Kd6 33. Rh6+ Kc5 34. Rc1+ Kb5 35. Rh5 f4 36. Rd1 a5 37.
Rf5 Bc6 38. Rxf4 Rg8 39. Rf2 Rg3 40. Rc2 Nb4 41. Rh2 Bf3 42. Rc1 Be4 43. a3
Nd3 44. Rc3 Nc5 45. Rc1 a4 46. Re2 Bd5 47. Re5 Bg8 48. Ree1 Ka6 49. Rg1 Nb3+
50. Ka2 Nxc1+ 51. Kb1 Rxg1 52. Kc2 Nb3 53. Kc3 Rg2 54. Kb4 Rxb2 55. Kc3 Ra2
56. Kb4 Ra1 57. Kc3 Rxa3 58. Kb4 Ra1 59. Kc3 b5 60. Kb4 a3 61. Kc3 a2 62.
Kd3 Rb1 63. Ke4 a1=Q 64. Kf5 Rd1 65. Kg6 Qd4 66. Kg5 Bc4 67. Kf5 Qd5+ 68.
Kf6 Re1 69. Kg7 Qd2 70. Kg6 Qf2 71. Kh5 Rg1 72. Kh6 Qh2# {White checkmated}
0-1

[Event "ICCopen2017"]
[Site "Internet Chess Club"]
[Date "2017.03.26"]
[Round "3"]
[White "blackending"]
[Black "EGK"]
[Result "0-1"]
[ICCResult "White resigns"]
[WhiteElo "1548"]
[BlackElo "1934"]
[Opening "Scandinavian defense"]
[ECO "B01"]
[NIC "SD.03"]
[Time "19:30:34"]
[TimeControl "180+0"]

1. e4 d5 2. exd5 Nf6 3. d4 Bg4 4. Be2 Bxe2 5. Nxe2 Qxd5 6. O-O Nc6 7. c3
O-O-O 8. Nd2 e6 9. Nf3 Bd6 10. Qb3 h6 11. Qxd5 exd5 12. Be3 Rde8 13. Nf4 g5
14. Nd3 Ng4 15. Rae1 f5 16. h3 Nf6 17. Nfe5 Nxe5 18. dxe5 Bxe5 19. Nxe5 Rxe5
20. Bd4 Rxe1 21. Rxe1 Rf8 22. Re6 Ne4 23. f3 Kd7 24. Rxh6 c5 25. fxe4 cxd4
26. cxd4 dxe4 27. Kf2 Rc8 28. Rh7+ Kc6 29. Rg7 Kd5 30. Rxg5 Kxd4 31. Rxf5
Rc2+ 32. Ke1 Ke3 33. Kd1 Rxg2 34. Rf8 Rg1+ 35. Kc2 Ke2 36. Re8 e3 37. h4 Rh1
38. Re7 Rxh4 39. Rxb7 a5 40. Rb5 Rc4+ 41. Kb3 Kd3 42. Rxa5 e2 43. Rd5+ Rd4
44. Re5 Re4 45. Rd5+ Ke3 {White resigns} 0-1

[Event "ICCopen2017"]
[Site "Internet Chess Club"]
[Date "2017.03.26"]
[Round "3"]
[White "giovana64"]
[Black "mn8"]
[Result "0-1"]
[ICCResult "White forfeits on time"]
[WhiteElo "1573"]
[BlackElo "1944"]
[Opening "King's Indian: Petrosian system, Stein variation"]
[ECO "E92"]
[NIC "KI.17"]
[Time "19:30:15"]
[TimeControl "180+0"]

1. d4 Nf6 2. c4 g6 3. Nc3 Bg7 4. Nf3 d6 5. e4 O-O 6. Be2 e5 7. d5 a5 8. Bg5
Na6 9. Nd2 Nc5 10. b3 h6 11. Be3 b6 12. a3 Na6 13. Rb1 Ne8 14. O-O f5 15. f3
f4 16. Bf2 g5 17. b4 axb4 18. axb4 Rf7 19. c5 Nxb4 20. Rxb4 bxc5 21. Ra4
Rxa4 22. Qxa4 Bf8 23. Bb5 Nf6 24. Nc4 Rg7 25. Bxc5 h5 26. Bxd6 cxd6 27. Ba6
Bd7 28. Bb5 Bc8 29. Ba6 Ra7 30. Bxc8 Rxa4 31. Be6+ Kg7 32. Nxa4 g4 33. Nab6
Qc7 34. Ra1 Qc5+ 35. Kf1 g3 36. hxg3 fxg3 37. Ra7+ Kh6 38. Ra2 h4 39. Rc2
Qd4 40. Re2 Qd3 41. Ne3 h3 42. gxh3 g2+ 43. Nxg2 Qxf3+ 44. Rf2 Qd1+ 45. Ne1
Nxe4 46. Rg2 Qb3 47. Nd7 Qb5+ 48. Kg1 Ng5 49. Nxf8 Qb1 50. Kh1 Qxe1+ 51. Rg1
Qxg1+ 52. Kxg1 e4 53. Bg4 Kg7 54. Be2 Nh7 55. Kf2 Nf6 56. Ne6+ Kf7 57. Nf4
Ke8 58. Ke3 Kd8 59. Ne6+ Kd7 60. Nd4 Kc8 61. Bg4+ Kb8 62. Nb5 Nd7 63. Nxd6
Ne5 64. Nb5 Nc4+ 65. Kd4 Nb6 66. Bd7 Nc8 67. Nd6 e3 {White forfeits on time}
0-1

[Event "ICCopen2017"]
[Site "Internet Chess Club"]
[Date "2017.03.26"]
[Round "3"]
[White "ChessOlympian"]
[Black "tirandopiezas"]
[Result "0-1"]
[ICCResult "White forfeits on time"]
[WhiteElo "1634"]
[BlackElo "2024"]
[Opening "Four knights: Scotch, 4...exd4"]
[ECO "C47"]
[NIC "KP.06"]
[Time "19:30:40"]
[TimeControl "180+0"]

1. e4 e5 2. Nf3 Nc6 3. Nc3 Nf6 4. d4 exd4 5. Nxd4 Bc5 6. Be3 Bb6 7. Be2 O-O
8. O-O d6 9. Nxc6 bxc6 10. Qd2 Re8 11. Bg5 h6 12. Bh4 Nxe4 13. Nxe4 Qxh4 14.
Ng3 Bd7 15. Bf3 Re7 16. Rfe1 Rae8 17. Rxe7 Qxe7 18. a4 a5 19. h3 d5 20. Kh2
Qc5 21. Rf1 Qd4 22. Qxd4 Bxd4 23. c3 Be5 24. Kg1 Rb8 25. Re1 Bd6 26. Re2 Kf8
27. Nf1 Bf5 28. Ne3 Bd3 29. Rd2 Bg6 30. Bg4 Bf4 31. Bd7 Rb6 32. g3 Bxe3 33.
fxe3 Ke7 34. Bg4 Be4 35. Kf2 g5 36. Bf3 Bf5 37. h4 f6 38. Bg2 Rb8 39. Bf3
Re8 40. c4 dxc4 41. Bxc6 Rd8 42. Rxd8 Kxd8 43. Bb5 Bd3 44. e4 Ke7 45. Ke3
Kd6 46. Ba6 Kc5 {White forfeits on time} 0-1

[Event "ICCopen2017"]
[Site "Internet Chess Club"]
[Date "2017.03.26"]
[Round "3"]
[White "MrNobody84"]
[Black "cgi-chess"]
[Result "1-0"]
[ICCResult "Black forfeits on time"]
[WhiteElo "1674"]
[BlackElo "1388"]
[Opening "Sicilian"]
[ECO "B54"]
[NIC "SI.01"]
[Time "19:30:36"]
[TimeControl "180+0"]

1. e4 c5 2. Nf3 d6 3. d4 cxd4 4. Nxd4 a6 5. Nc3 e6 6. Be3 Nf6 7. h3 Bd7 8.
a4 Be7 9. Be2 O-O 10. O-O Nc6 11. Nb3 Rc8 12. a5 Qe8 13. Kh1 Ne5 14. Qd4 Bc6
15. f4 Ng6 16. e5 dxe5 17. fxe5 Nd7 18. Bf4 Rd8 19. Qe3 Bb4 20. Bg5 f6 21.
exf6 Nxf6 22. Bc4 Bd7 23. Nd4 Bxc3 24. Qxc3 Rc8 25. Qb3 Kh8 26. Nxe6 Bxe6
27. Bxe6 Rc6 28. Bf5 Nh5 29. Rae1 Ng3+ 30. Kh2 Nxf1+ 31. Kg1
{Black forfeits on time}
1-0

[Event "ICCopen2017"]
[Site "Internet Chess Club"]
[Date "2017.03.26"]
[Round "3"]
[White "tsedaka26"]
[Black "GrandPatzer5"]
[Result "1-0"]
[ICCResult "Black checkmated"]
[WhiteElo "1624"]
[BlackElo "1924"]
[Opening "Old Benoni: Franco-Benoni defense"]
[ECO "C01"]
[NIC "FR.01"]
[Time "19:30:52"]
[TimeControl "180+0"]

1. e4 e6 2. d4 c5 3. d5 exd5 4. exd5 d6 5. Nc3 Nf6 6. Nf3 Be7 7. a4 O-O 8.
h3 Re8 9. Be3 Nbd7 10. Bb5 a6 11. Bxd7 Bxd7 12. O-O Bf5 13. Nh4 Bc8 14. Nf3
Bf5 15. a5 Ne4 16. Nxe4 Bxe4 17. c4 Bf6 18. Qb3 Bxf3 19. gxf3 Qd7 20. Kg2
Re5 21. Bf4 Rf5 22. Bg3 Rh5 23. Rh1 Re8 24. h4 h6 25. Qb6 Be5 26. f4 Bd4 27.
Rae1 Re7 28. b4 Kh7 29. b5 axb5 30. Qxb5 Qd8 31. Qb6 Qd7 32. Qb1+ g6 33.
Rxe7 Qxe7 34. Re1 Qf6 35. Qxb7 Kg7 36. Re7 Qf5 37. Rxf7+ Qxf7 38. Qxf7+ Kxf7
39. a6 g5 40. a7 gxh4 41. a8=Q hxg3 42. fxg3 Rf5 43. Qb7+ Kg6 44. Qd7 Rf6
45. Kf3 h5 46. Qe8+ Kf5 47. Qxh5# {Black checkmated} 1-0